 Dungeon Crawl Stone Soup version 0.26.1-2-gb8aa6d0cf2 (webtiles) character file.

Game seed: 543605551309439614

1045 Revguard the Chopper (level 8, -3/68 HPs)
             Began as a Hill Orc Fighter on Mar 5, 2021.
             Was a Follower of Beogh.
             Slain by a gnoll
             ... wielding a +0 spear
              (5 damage)
             ... on level 4 of the Dungeon on Mar 6, 2021.
             The game lasted 00:14:31 (3886 turns).

Revguard the Chopper (Hill Orc Fighter)             Turns: 3886, Time: 00:14:32

Health: -3/68      AC:  9    Str: 19    XL:     8   Next: 25%
Magic:  10/10      EV:  9    Int:  8    God:    Beogh [*.....]
Gold:   214        SH: 10    Dex: 18    Spells: 7/7 levels left

rFire    . . .     SeeInvis .   a - +0 war axe
rCold    + . .     Faith    .   c - +0 kite shield
rNeg     . . .     Spirit   .   b - +0 scale mail
rPois    .         Reflect  .   (no helmet)
rElec    .         Harm     .   (no cloak)
rCorr    .         Rampage  .   (no gloves)
Will     .....     Rnd*Rage +   (no boots) Stlth +.........Rnd*Tele +
                                (no amulet)
HPRegen  0.21/turn              f - ring of Wu Jian's Reproof {rC+ Dex+6 Stlth+}
MPRegen  0.12/turn              (no ring)

@: about to teleport
A: slimy green scales 1, berserk 1, teleportitis 1, evolution 1
a: Renounce Religion


You were on level 4 of the Dungeon.
You worshipped Beogh.
Beogh was aware of your devotion.
You visited 1 branch of the dungeon, and saw 4 of its levels.

You collected 214 gold pieces.

Inventory:

Hand Weapons
 a - a +0 war axe (weapon)
Armour
 b - a +0 scale mail (worn)
 c - a +0 kite shield (worn)
Jewellery
 f - the ring of Wu Jian's Reproof (left hand) {rC+ Dex+6 Stlth+}
   (You took it off a gnoll shaman on level 4 of the Dungeon)

   [ring of dexterity]

   It affects your dexterity (+6).
   It protects you from cold.
   It makes you more stealthy.
 g - an uncursed ring of fire
 h - an uncursed ring of ice
 m - a +4 ring of evasion {unknown}
 p - an uncursed ring of attention
 s - a cursed amulet of inaccuracy {unknown}
Wands
 l - a wand of flame (11)
Scrolls
 e - 2 scrolls of fog
 i - a scroll of teleportation
 j - 2 scrolls of enchant armour
 k - a scroll of noise
 n - 3 scrolls of remove curse
 q - a scroll of identify
 r - a scroll of blinking {unknown}
Potions
 d - a potion of degeneration
 o - 3 potions of brilliance


   Skills:
 + Level 5.0 Fighting
 + Level 7.8 Axes
 + Level 5.0 Armour
 + Level 1.9 Dodging
 + Level 5.4 Shields
 * Level 2.7 Invocations
 * Level 2.2 Evocations


You had 7 spell levels left.
You didn't know any spells.
Your spell library was empty.

Dungeon Overview and Level Annotations

Branches:
Dungeon (4/15)
 Temple: D:4-7

Altars:
Dithmenos
Okawaru
Wu Jian
Yredelemnul

Annotations:
D:4 Edmund


Innate Abilities, Weirdness & Mutations

You are partially covered in slimy green scales. (AC +2)
You tend to lose your temper in combat.
You are occasionally teleported next to monsters.
You evolve.


Message History

The gnoll barely misses you.
Things that are here:
a +1 vampiric spear; a gnoll corpse
There is an open door, spattered with blood here.
Things that are here:
a +0 halberd; a gnoll corpse Edmund says, "Everyone always remembers my brother. 'Who's Edmund?' they ask!"
You close the door, pushing everything out of the way.
A gnoll opens the door.
The gnoll hits you from afar with a +0 halberd.
* * * LOW HITPOINT WARNING * * *
Okay, then.
Okay, then.
Okay, then.
As you read the scroll of teleportation, it crumbles to dust.
You feel strangely unstable. The gnoll hits you but does no damage.
The gnoll hits you from afar with a +0 halberd.
* * * LOW HITPOINT WARNING * * *
The gnoll hits you from afar with a +0 spear.
You die...

## .## §.########
####### .....W....
....... ...≈≈≈≈≈≈≈
≈≈≈≈≈ ...≈≈≈≈≈≈≈ ≈≈≈
...≈≈≈≈≈≈≈ #####
.......... #...#
'''#############@g.#
...#.......#...#'###
...#.......# #)gg#
...'.......#...#O#
##########)#####g#
...#....)..#...@S#
≈≈.......).#....g#
≈≈........[#''##.#
...#...).[.)g..#.#


You could see Edmund, an ogre, a gnoll shaman, 4 gnolls and an adder.

Vanquished Creatures
  Sigmund (D:2)
  A phantom (D:4)
  A scorpion (D:3)
  A hound (D:4)
  A bullfrog skeleton (D:4)
  An orc priest (D:4)
  4 gnoll shamans (D:4)
  2 orc wizards (D:4)
  Natasha (thrice) (D:3)
  A worker ant (D:4)
  21 gnolls (D:4)
  9 adders
  An ooze (D:2)
  2 worms (D:2)
  2 dart slugs (D:1)
  2 leopard geckos
  5 orcs (D:4)
  4 giant cockroaches
  7 goblins
  9 hobgoblins
  13 jackals
  5 kobolds
  2 quokkas
  6 bats
  4 frilled lizards
  A quokka skeleton (D:4)
  10 rats
119 creatures vanquished.

Vanquished Creatures (others)
  An orc priest (D:4)
  A gnoll (D:4)
  A rat (D:1)
  A plant (D:4)
4 creatures vanquished.

Grand Total: 123 creatures vanquished

Notes
Turn   | Place    | Note
-------+----------+-------------------------------------------
     0 | D:1      | Revguard the Hill Orc Fighter began the quest for the Orb.
     0 | D:1      | Reached XP level 1. HP: 19/19 MP: 1/1
    22 | D:1      | Reached skill level 3 in Axes
    25 | D:1      | Reached XP level 2. HP: 18/27 MP: 2/2
   488 | D:1      | Reached XP level 3. HP: 24/33 MP: 3/3
  1097 | D:2      | Reached XP level 4. HP: 30/40 MP: 4/4
  1356 | D:2      | Reached skill level 4 in Axes
  1675 | D:2      | Noticed Sigmund
  1692 | D:2      | Killed Sigmund
  1693 | D:2      | Reached skill level 5 in Axes
  1693 | D:2      | Reached skill level 1 in Dodging
  1693 | D:2      | Reached XP level 5. HP: 42/47 MP: 5/5
  1693 | D:2      | Reached XP level 6. HP: 48/53 MP: 6/6
  1984 | D:2      | Found a basalt altar of Yredelemnul.
  2027 | D:3      | Found a shadowy altar of Dithmenos.
  2027 | D:3      | Noticed Natasha
  2060 | D:3      | Killed Natasha
  2110 | D:3      | Reached skill level 6 in Axes
  2347 | D:3      | Found an iron altar of Okawaru.
  2359 | D:3      | Noticed Natasha
  2372 | D:3      | Killed Natasha
  2411 | D:3      | Noticed Natasha
  2417 | D:3      | Killed Natasha
  2665 | D:3      | Reached XP level 7. HP: 60/60 MP: 7/7
  2686 | D:3      | Found an ornate altar of the Wu Jian Council.
  3028 | D:4      | Became a worshipper of Beogh the Brigand
  3207 | D:4      | Reached skill level 1 in Invocations
  3211 | D:4      | Identified the ring of Wu Jian's Reproof {rC+ Dex+6 Stlth+}
  3217 | D:4      | Reached skill level 5 in Shields
  3224 | D:4      | Gained mutation: You evolve. [potion of mutation]
  3224 | D:4      | Gained mutation: You are occasionally teleported next to
                  | monsters. [potion of mutation]
  3224 | D:4      | Gained mutation: You tend to lose your temper in combat.
                  | [potion of mutation]
  3224 | D:4      | Gained mutation: You are partially covered in slimy green
                  | scales. (AC +2) [potion of mutation]
  3263 | D:4      | Reached skill level 1 in Evocations
  3347 | D:4      | Reached * piety under Beogh
  3348 | D:4      | Reached skill level 7 in Axes
  3602 | D:4      | Reached XP level 8. HP: 54/67 MP: 9/9
  3617 | D:4      | Reached skill level 5 in Fighting
  3879 | D:4      | Reached skill level 5 in Armour
  3879 | D:4      | Noticed Edmund
  3886 | D:4      | HP: 2/68 [gnoll/+0 halberd (3)]
  3886 | D:4      | Slain by a gnoll

Illustrated notes

Levels and vault maps discovered:
D:1:      saegor_arrival_simple_c, layout_basic, minmay_tree_intersection
D:2:      layout_basic, yredelemnul_altar_generic, kennysheep_generic_room_2,
          uniq_sigmund
D:3:      layout_rooms, grunt_dithmenos_smoke, nzn_wu_jian_council_hall,
          okawaru_gym_becter, uniq_natasha
D:4:      lemuel_castle_with_subvaults [lemuel_castle_interior_carwin_3],
          layout_basic, lightli_ossuary_entry_decrepit_ruins, uniq_edmund

Skill      XL: |  1  2  3  4  5  6  7  8 |
---------------+-------------------------+-----
Axes           | 3 5 6 7 |  7.8
Fighting       | 4 5 |  5.0
Shields        | 4 5 |  5.4
Armour         | 4 5 |  5.0
Dodging        | 1 |  1.9
Invocations    | 2 |  2.7
Evocations     | 1 2 |  2.2

Action                   |  1- 3 |  4- 6 |  7- 9 || total
-------------------------+-------+-------+-------++-------
Melee: War axe           |   112 |   160 |   163 ||   435
Invok: Convert to Beogh  |       |       |     1 ||     1
  Use: Potion            |       |     6 |     1 ||     7
       Scroll            |       |     9 |     2 ||    11
Armor: Scale mail        |    62 |    75 |    90 ||   227
Dodge: Dodged            |    41 |    59 |    91 ||   191
Block: Kite shield       |    70 |    87 |   124 ||   281
